AoeStats
← christar123 ten

Arabian Desert

510324485Analyzed
1v1 RM · 1d ago on Sep 30, 2026· 53m 47s· 2 players
Game mode
Random Map
Map size
Tiny (2 player)
Population
200
Speed
Normal
Resources
Standard
Victory
Conquest
Starting age
Dark Age
Ending age
Imperial Age
RankedLock teamsTeams togetherTeam positionsShared explorationLock speedFull tech treeHidden civsTurbo modeCheats
Victory
Defeat
🇬🇧 Poles · United Kingdom
2126
+14
🇹🇼 Ethiopians · Taiwan
2086
-14
SSS66618
6:06 Loom
8:53 Feudal Age
8:55 Man-at-Arms
14:01 Fletching
16:51 Town Watch
17:41 Double-Bit Axe
26:49 Castle Age
25:07 Horse Collar
27:26 Bodkin Arrow
26:58 Crossbowman
27:49 Bow Saw
29:05 Scale Barding Armor
29:15 Forging
29:46 Gold Mining
30:33 Husbandry
37:11 Scale Mail Armor
37:54 Ballistics
39:21 Guard Tower
42:23 Royal Heirs
43:15 Wheelbarrow
43:29 Squires
44:36 Chain Mail Armor
45:06 Murder Holes
49:51 Iron Casting
53:22 Imperial Age
52:34 Padded Archer Armor
54:12 Bracer
christar123 ten
6:55 Loom
9:22 Feudal Age
11:06 Double-Bit Axe
19:18 Fletching
24:56 Castle Age
24:39 Padded Archer Armor
24:23 Horse Collar
26:07 Bodkin Arrow
27:17 Elite Skirmisher
29:28 Leather Archer Armor
32:11 Wheelbarrow
31:47 Bow Saw
32:08 Scale Barding Armor
33:05 Bloodlines
33:17 Chain Barding Armor
34:36 Gold Mining
35:28 Szlachta Privileges
35:36 Forging
43:24 Heavy Plow
46:12 Imperial Age
45:46 Husbandry
46:22 Iron Casting
46:38 Cavalier
47:48 Scale Mail Armor
49:03 Hand Cart
49:03 Chain Mail Armor
53:19 Plate Mail Armor
53:25 Stone Mining
54:07 Crop Rotation
Connection lost

Rejoining the realm…

Still unreachable

The connection could not be restored.

Session expired

The server has moved on; the page needs a fresh start.